 Dungeon Crawl Stone Soup version 0.24.0-10-g970556be89 (webtiles) character file.

Game seed: 8153407143020822318, levelgen mode: deterministic

387 Johnny the Skirmisher (level 6, -13/62 HPs)
             Began as a Troll Berserker on Nov 3, 2019.
             Was a Believer of Trog.
             Mangled by Pikel
             ... wielding a +1 whip of electrocution
              (15 damage)
             ... on level 4 of the Dungeon.
             The game lasted 00:02:27 (2486 turns).

Johnny the Skirmisher (Troll Berserker)             Turns: 2486, Time: 00:02:28

Health: -13/62     AC:  6    Str: 25 (28) XL:     6   Next: 49%
Magic:  14/14      EV: 10    Int:  2 (3)  God:    Trog [**....]
Gold:   191        SH:  0    Dex:  6 (9)  Spells: 5/5 levels left

rFire    . . .     SeeInvis .   i - +0 short sword (venom)
rCold    . . .     Gourm    +   (no shield)
rNeg     . . .     Faith    .   b - +0 animal skin
rPois    .         Spirit   .   (helmet restricted)
rElec    .         Reflect  .   f - scarf {repulsion}
rCorr    .         Harm     .   (gloves unavailable)
MR       .....     Rnd*Tele +   (boots unavailable)
Stlth    +.........             (no amulet)
HPRegen  0.60/turn              m - ring of magical power
MPRegen  0.14/turn              n - ring of teleportation (curse)

@: berserk cooldown, repel missiles
A: large, unfitting armour, claws 3, fast metabolism 3, gourmand, regeneration
1, shaggy fur 1, tough skin 3
a: Berserk, Trog's Hand, Renounce Religion


You were on level 4 of the Dungeon.
You worshipped Trog.
Trog was pleased with you.
You were not hungry.

You visited 1 branch of the dungeon, and saw 4 of its levels.

You collected 191 gold pieces.

Inventory:

Hand Weapons
 a - a +0 falchion
 i - a +0 short sword of venom (weapon)
Armour
 b - a +0 animal skin (worn)
 f - a scarf of repulsion (worn)
Jewellery
 m - a ring of magical power (left claw)
 n - a cursed ring of teleportation (right claw)
Wands
 t - a wand of iceblast (7)
 u - a wand of digging (4)
 v - a wand of disintegration (14)
Scrolls
 d - 3 scrolls of noise {unknown}
 e - 4 scrolls of identify {unknown}
 h - 3 scrolls of amnesia {unknown}
 k - a scroll of enchant armour {unknown}
 l - 6 scrolls of remove curse {unknown}
 o - 3 scrolls of fog {unknown}
 r - 2 scrolls of fear {unknown}
Potions
 g - a potion of magic {unknown}
Comestibles
 c - 8 rations


   Skills:
 + Level 4.0 Fighting
 + Level 4.0 Long Blades
 + Level 4.0 Dodging


You had 5 spell levels left.
You didn't know any spells.
Your spell library was empty.

Dungeon Overview and Level Annotations

Branches:
Dungeon (4/15)
 Temple: D:4-7

Altars:
Gozag
Sif Muna

Annotations:
D:3 3 runed translucent doors, tonywhite87's ghost, amateur MiFi
D:4 Pikel


Innate Abilities, Weirdness & Mutations

You are too large for most types of armour.
You have claws for hands.
Your metabolism is lightning-fast.
You like to eat raw meat.
Your natural rate of healing is unusually fast.
You are covered in fur. (AC +1)
You have extremely tough skin. (AC +3)


Message History

You bump into the rock wall.
You're too confused to move!
Something hits you but does no damage.
You bump into the rock wall.
Something hits you.
You are electrocuted!
You bump into the rock wall.
Something hits you but does no damage.
You are electrocuted!
* * * LOW HITPOINT WARNING * * *
You bump into the rock wall.
You feel less invigorated.
You feel less confused. Something hits you but does no damage.
You are electrocuted!
* * * LOW HITPOINT WARNING * * *
It was a potion of curing.
You feel better. Something hits you.
* * * LOW HITPOINT WARNING * * *
You are electrocuted!
* * * LOW HITPOINT WARNING * * *
Unknown command.
It was a potion of degeneration.
There was something very wrong with that liquid.
You feel weakened.
You feel dopey.
You feel clumsy. Something hits you but does no damage.
You are electrocuted!
You die...

#.......##<.#.# ##.##.
###..#######.##.######..#..
##...## ... #........#...
#..### .### ###..####....
#.## . ##....p.... ###
###....... ## #.......
#######.####........
#..@{..........#####
#..%######.##.#### ....# #
###


There were no monsters in sight!

Vanquished Creatures
  Grinder (D:3)
  4 slaves (D:4)
  Ijyb (D:3)
  Natasha (D:4)
  6 adders
  A shadow imp (D:3)
  2 worms (D:2)
  2 dart slugs
  4 leopard geckos
  2 orcs (D:3)
  A ball python (D:1)
  9 bats
  2 giant cockroaches (D:3)
  8 goblins
  7 hobgoblins
  4 jackals (D:1)
  5 kobolds
  2 quokkas (D:2)
  2 frilled lizards (D:3)
  8 rats
72 creatures vanquished.

Notes
Turn   | Place    | Note
-------+----------+-------------------------------------------
     0 | D:1      | Johnny the Troll Berserker began the quest for the Orb.
     0 | D:1      | Reached XP level 1. HP: 22/22 MP: 0/0
   262 | D:1      | Reached XP level 2. HP: 29/29 MP: 1/1
   680 | D:2      | Found an opulent altar of Gozag.
   788 | D:2      | Reached XP level 3. HP: 22/36 MP: 2/2
  1177 | D:2      | Reached XP level 4. HP: 38/45 MP: 3/3
  1426 | D:3      | Reached ** piety under Trog
  1557 | D:3      | Found a runed translucent gate.
  1557 | D:3      | Found a runed translucent gate.
  1557 | D:3      | Found a runed translucent gate.
  1557 | D:3      | Noticed a phantom
  1557 | D:3      | Noticed tonywhite87's ghost (amateur MiFi)
  1852 | D:3      | Noticed Ijyb
  1852 | D:3      | Noticed Grinder
  1872 | D:3      | Killed Ijyb
  1872 | D:3      | Reached XP level 5. HP: 35/53 MP: 4/4
  1876 | D:3      | Killed Grinder
  1876 | D:3      | Reached XP level 6. HP: 44/62 MP: 5/5
  2208 | D:3      | Found a shimmering blue altar of Sif Muna.
  2395 | D:4      | Noticed Natasha
  2405 | D:4      | Killed Natasha
  2425 | D:4      | Noticed a slave
  2427 | D:4      | Noticed a slave
  2428 | D:4      | Noticed Pikel
  2432 | D:4      | Noticed a slave
  2439 | D:4      | Killed a slave
  2443 | D:4      | Noticed a slave
  2453 | D:4      | Killed a slave
  2458 | D:4      | Killed a slave
  2471 | D:4      | Killed a slave
  2484 | D:4      | HP: 3/62 [something (16)]
  2485 | D:4      | HP: 1/62 [something (8)]
  2486 | D:4      | Mangled by Pikel

Levels and vault maps discovered:
D:1:      dpeg_arrival_central, layout_basic
D:2:      layout_basic, grunt_gozag_breadcrumbs
D:3:      layout_loops_ring, led_sif_pool, gammafunk_ghost_split,
          minmay_circle_x, uniq_ijyb, uniq_grinder
D:4:      layout_rooms, okawaru_ov_weapons_minmay, first_ration, minmay_unequal,
          uniq_pikel, uniq_sigmund, uniq_natasha, uniq_menkaure

Skill      XL: |  1  2  3  4  5  6 |
---------------+-------------------+-----
Fighting       | 3 4 |  4.0
Dodging        | 3 4 |  4.0
Long Blades    | 3 4 |  4.0

Action                   |  1- 3 |  4- 6 || total
-------------------------+-------+-------++-------
Melee: Falchion          |    92 |       ||    92
       Short sword       |    10 |   132 ||   142
Invok: Berserk           |     1 |     3 ||     4
  Use: Potion            |       |     4 ||     4
  Eat: Chunk             |    17 |     8 ||    25
Armor: Animal skin       |    62 |    50 ||   112
Dodge: Dodged            |    72 |    76 ||   148
       Deflected         |     1 |     2 ||     3
       Rpst.: Falchion   |    25 |       ||    25
